 Dungeon Crawl Stone Soup version 0.20.1-1-g8b1a95d (webtiles) character file.

49 Gukra the Skirmisher (level 3, -3/24 HPs)
             Began as a Gargoyle Monk on Sept 20, 2017.
             Slain by a gnoll
             ... wielding a +0 spear
              (4 damage)
             ... on level 2 of the Dungeon.
             The game lasted 00:03:45 (1128 turns).

Gukra the Skirmisher (Gargoyle Monk)                Turns: 1128, Time: 00:03:45

Health: -3/24      AC:  6    Str: 15    XL:     3   Next: 75%
Magic:  3/3        EV: 12    Int: 10    God:
Gold:   83         SH:  0    Dex: 12    Spells: 2/2 levels left

rFire    . . .     SeeInvis .   a - +0 mace
rCold    . . .     Gourm    .   (no shield)
rNeg     + . .     Faith    .   m - +0 leather armour
rPois    ∞         Spirit   .   (no helmet)
rElec    +         Reflect  .   (no cloak)
rCorr    .         Harm     .   (no gloves)
MR       .....                  (no boots)
Stlth    ++........             (no amulet)
Regen    0.1/turn               (no ring)
MPRegen  0.1/turn               (no ring)

@: no status effects
A: negative energy resistance 1, electricity resistance, unbreathing,
petrification resistance, rot immunity, AC +3
a: no special abilities


You were on level 2 of the Dungeon.
You were not hungry.

You visited 1 branch of the dungeon, and saw 2 of its levels.

You collected 83 gold pieces.

Inventory:

Hand Weapons
 a - a +0 mace (weapon)
Missiles
 n - 38 stones (quivered)
 p - 15 poisoned needles
Armour
 b - a +0 robe
 m - a +0 leather armour (worn)
Scrolls
 d - a scroll of amnesia {unknown}
 f - 2 scrolls of teleportation {unknown}
 g - 2 scrolls of fog {unknown}
 j - a scroll of enchant armour {unknown}
 k - a scroll of fear {unknown}
 o - a scroll of remove curse {unknown}
Potions
 e - a potion of resistance {unknown}
 h - a potion of curing {unknown}
 l - a potion of mutation {unknown}
Comestibles
 c - a bread ration
 i - a fruit


   Skills:
 + Level 4.1 Fighting
 + Level 3.8 Maces & Flails
 - Level 2.4 Dodging
 - Level 2.2 Stealth


You had 2 spell levels left.
You didn't know any spells.

Dungeon Overview and Level Annotations

Branches:
Dungeon (2/15)

Altars:


Innate Abilities, Weirdness & Mutations

You are resistant to torment.
Your stone body is resilient. (AC +3)
You are immune to poison.
You resist negative energy. (rN+)
You are resistant to electric shocks. (rElec)
You can survive without breathing.
You are immune to petrification.
You are immune to rotting.


Message History

The gnoll barely misses you. The gnoll completely misses you.
You barely miss the gnoll.
The gnoll is moderately wounded.
The gnoll closely misses you.
The gnoll hits you from afar with a spear.
* * * LOW HITPOINT WARNING * * *
You hit the gnoll.
The gnoll is severely wounded.
The gnoll closely misses you.
The gnoll hits you from afar with a spear.
* * * LOW HITPOINT WARNING * * *
You hit the gnoll.
The gnoll is almost dead.
The gnoll hits you from afar with a spear.
* * * LOW HITPOINT WARNING * * *
The gnoll barely misses you.
You hit the gnoll but do no damage.
The gnoll is almost dead.
The gnoll hits you from afar with a spear.
You die...

###.####.......##
######.# #.##..####
#......####.#..#....
#................###
#............#####
#............#
#...g..<.....#
###g##.......##
#@###.......#
#.###.<.).###
##.##.......#
#..##.......###
#######.###.......#§####+
#.......# ##.....##≈§§§≈.
#.....#######...#..(g§§..
#......÷..........#####..
#......#############....#


You could see 2 gnolls.

Vanquished Creatures
  An adder (D:2)
  A worm (D:2)
  A leopard gecko (D:1)
  A ball python (D:1)
  7 bats
  A giant cockroach (D:1)
  6 goblins (D:1)
  5 hobgoblins
  A frilled lizard (D:2)
  7 kobolds
  5 rats (D:1)
36 creatures vanquished.

Notes
Turn   | Place    | Note
-------+----------+-------------------------------------------
     0 | D:1      | Gukra the Gargoyle Monk began the quest for the Orb.
     0 | D:1      | Reached XP level 1. HP: 14/14 MP: 1/1
   167 | D:1      | Reached XP level 2. HP: 17/19 MP: 2/2
   531 | D:1      | Reached XP level 3. HP: 17/24 MP: 3/3
   859 | D:2      | Reached skill level 4 in Fighting
  1127 | D:2      | HP: 1/24 [gnoll/spear (3)]
  1128 | D:2      | Slain by a gnoll

Skill      XL: |  1  2  3 |
---------------+----------+-----
Fighting       | 4 |  4.1
Maces & Flails | |  3.8
Dodging        | |  2.4
Stealth        | |  2.2

Action                   || total
-------------------------++-------
Melee: Mace              ||   101
Throw: Stone             ||     3
 Stab: Sleeping          ||     5
  Eat: Chunk             ||     1
Armor: Robe              ||    27
       Leather armour    ||     2
Dodge: Dodged            ||    59
